 Dungeon Crawl Stone Soup version 0.30-b1-2-g02819fbbbe (webtiles) character file.

Game seed: 17134998987818418052

93 Alarkh the Shooter (level 4, -4/29 (33) HPs)
             Began as a Demonspawn Hunter on July 7, 2023.
             Killed from afar by an orc wizard (8 damage)
             ... with a magic dart
             ... on level 3 of the Dungeon.
             The game lasted 00:01:47 (1504 turns).

Alarkh the Shooter (Demonspawn Hunter)              Turns: 1504, Time: 00:01:48

HP:   -4/29 (33)    AC:  3    Str: 12    XL:     4   Next: 37%
MP:   4/4           EV: 16    Int: 12    God:
Gold: 169           SH:  0    Dex: 16    Spells: 3/3 levels left

rFire   . . .        a - +0 shortbow
rCold   . . .        (shield currently unavailable)
rNeg    . . .        c - +0 leather armour
rPois   .            (no helmet)
rElec   .            (no cloak)
rCorr   .            (no gloves)
SInv    .            (no boots)
Will    .....        (no amulet)
Stlth   +            h - +5 ring of evasion
HPRegen 0.24/turn    (no ring)
MPRegen 0.09/turn

%: no passive effects
@: flying, heavily drained, invisible
A: demonic guardian 1
a: no special abilities


You were on level 3 of the Dungeon.
You visited 1 branch of the dungeon, and saw 3 of its levels.

You collected 169 gold pieces.

Inventory:

Hand Weapons
 a - a +0 shortbow (weapon)
Armour
 c - a +0 leather armour (worn)
Jewellery
 h - a +5 ring of evasion (left hand)
 l - a +6 ring of intelligence
Scrolls
 b - 2 scrolls of immolation
 d - 2 scrolls of poison {unknown}
 f - a scroll of torment {unknown}
 g - a scroll of silence {unknown}
 k - a scroll of blinking {unknown}
 n - a scroll of enchant armour {unknown}
Potions
 e - 2 potions of might
 i - a potion of mutation
 j - a potion of invisibility


   Skills:
 - Level 2.0 Fighting
 + Level 5.3 Ranged Weapons
 - Level 1.7 Dodging
 - Level 0.8 Stealth


You had 3 spell levels left.
You didn't know any spells.
Your spell library contained the following spells:

 Spells                   Type           Power      Damage    Failure   Level
 Ignite Poison            Fire/Tmut/Pois 0%         N/A       77%         3
 Sticky Flame             Conj/Fire      0%         2d3       99%         4
 Ignition                 Fire           0%         3d3       100%        8


Dungeon Overview and Level Annotations

Branches:
Dungeon (3/15)

Altars:


Innate Abilities, Weirdness & Mutations

A weak demonic guardian rushes to your aid.


Message History

A magic dart appears from out of thin air!
The magic dart hits your shadow imp!
Unknown command.
Fire: a) +0 shortbow
Press: ? - help, Q - select action Shift-Dir - straight line, f/p - shadow imp
Aim: a shadow imp (heavily wounded, summoned, friendly, 60% to hit)
You shoot an arrow.
Your demonic guardian avoids your attack.
Something misses your shadow imp.
Fire: a) +0 shortbow
Press: ? - help, Q - select action Shift-Dir - straight line, f/p - shadow imp
Aim: a shadow imp (heavily wounded, summoned, friendly, 60% to hit)
You shoot an arrow.
Your demonic guardian avoids your attack.
Something hits your shadow imp.
Fire: a) +0 shortbow
Press: ? - help, Q - select action Shift-Dir - straight line, f/p - shadow imp
Aim: a shadow imp (severely wounded, summoned, friendly, 60% to hit)
You shoot an arrow.
Your demonic guardian avoids your attack.
You hear some strange, mumbled words.
A puff of flame appears from out of thin air!
The puff of flame hits your shadow imp!
Your shadow imp dies!
Your shadow imp disappears in a puff of smoke!
Fire: a) +0 shortbow
Press: ? - help, Q - select action Shift-Dir - straight line You shoot an arrow.
You hear some strange, mumbled words.
Something tries to affect you, but you resist.
You hear some strange, mumbled words.
A puff of flame appears from out of thin air!
The puff of flame hits you.
* * * LOW HITPOINT WARNING * * *
It was a potion of flight.
You feel very buoyant.
You fly up into the air.
A magic dart appears from out of thin air!
The magic dart hits you!
You die...

#.# ### #.# #######.######.#
................
#######.######.# ########.###
#.# # #..........# #.#
.########.######.#.####.####
................@.{.).....>#
....####..#......#.####.........
. #.####.........#.# #.##......
#.#.......####.#.# #.# ......
#...###.### #.#.# #.# .....
###.# #.# ....# #.. .....
#.###.# ..#.# ### .... #.....#
.##.. .... #.###.# #.


There were no monsters in sight!

Vanquished Creatures
  An orc priest (D:3)
  An adder (D:2)
  A worm (D:2)
  A dart slug (D:1)
  An orc (D:3)
  2 ball pythons
  3 bats
  9 endoplasms
  4 goblins
  3 hobgoblins
  5 jackals (D:2)
  5 frilled lizards
  5 kobolds
  6 rats
47 creatures vanquished.

Notes
Turn   | Place    | Note
-------+----------+-------------------------------------------
     0 | D:1      | Alarkh the Demonspawn Hunter began the quest for the Orb.
     0 | D:1      | Reached XP level 1. HP: 16/16 MP: 1/1
   222 | D:1      | Reached skill level 4 in Ranged Weapons
   236 | D:1      | Gained mutation: A weak demonic guardian rushes to your
                  | aid. [demonic ancestry]
   236 | D:1      | Reached XP level 2. HP: 22/22 MP: 2/2
   889 | D:2      | Reached XP level 3. HP: 27/27 MP: 3/3
   897 | D:2      | Found a faded altar of an unknown god.
  1296 | D:2      | Reached skill level 5 in Ranged Weapons
  1486 | D:3      | Reached XP level 4. HP: 24/33 MP: 4/4
  1504 | D:3      | Killed from afar by an orc wizard

Illustrated notes

Levels and vault maps discovered:
D:1:      minmay_arrival_pointy, layout_basic
D:2:      layout_rooms, hellmonk_ecumenical_altar_lost_god
D:3:      layout_basic, mainiacjoe_overflow_chevrons, minmay_between, uniq_robin

Skill      XL: |  1  2  3 |
---------------+----------+-----
Ranged Weapons | 4 5 |  5.3
Fighting       | |  2.0
Dodging        | |  1.7
Stealth        | |  0.8

Action                     |  1- 3 |  4- 6 || total
---------------------------+-------+-------++-------
  Melee: Shortbow          |       |     2 ||     2
   Fire: Shortbow          |   120 |     8 ||   128
    Use: Scroll            |     2 |       ||     2
         Potion            |     1 |     1 ||     2
 Armour: Leather armour    |    10 |     2 ||    12
  Dodge: Dodged            |    37 |     5 ||    42
